 BcadrenCrawl: Boulder Brew version 0.03.3.1-25-g7b9318e587 (webtiles) character file.

Game seed: 5277708359108769649, levelgen mode: deterministic

2742 Chiseanne the Nimble (level 10, -1/74 HPs) Goblin Demonspawn. Began on Mar 18, 2021. Was an Initiate of Gozag Ym Sagoz. Slain by an orc warrior ... wielding a +0 flail (19 damage) ... on level 4 of the Dungeon. The game lasted 00:16:34 (4806 turns).

Chiseanne the Nimble (Goblin Demonspawn)            Turns: 4806, Time: 00:16:34

Health: -1/74      AC:  9    Str: 18    XL:     10 ^: 3841
Magic:  10/10      EV: 16    Int:  6    God:    Gozag Ym Sagoz
Gold:   476        SH:  0    Dex:  6    Spells: 10/11 levels left

rFire    . . .     Vision   .   a - +0 rapier
rCold    + . .     Gourm    .   s - +1 falchion (elec)
rNeg     + . .     Faith    .   j - +1 ring mail {rC+}
rPois    .         Spirit   .   (helmet restricted)
rElec    .         Reflect  .   (no cloak)
rCorr    .         Harm     .   (no gloves)
MR       .....                  (no boots)
Stlth    +.........             n - amulet of chaos
HPRegen  0.34/turn              k - ring of strength
MPRegen  0.20/turn              (no ring)

@: mighty, gold aura
A: small, stagnant stats, goblin's greed, horns 1, slimy green scales 1, low mp
1, mutation resistance 1, powered by pain 1, god's pity 2
a: Potion Petition, Call Merchant, Bribe Branch, Renounce Religion


You were on level 4 of the Dungeon.
You worshipped Gozag Ym Sagoz.
Gozag Ym Sagoz was aware of your devotion.
You were not hungry.

You visited 2 branches of the dungeon, and saw 5 of its levels.

You collected 638 gold pieces.
You spent 203 gold pieces at shops.
You paid 86 gold pieces to Gozag.

Inventory:

Weapons
 a - a +0 rapier (weapon)
 s - a +1 falchion of electrocution (weapon)
 w - a +0 hand crossbow
Armour
 j - a +1 ring mail of cold resistance (worn)
Jewellery
 k - a ring of strength (left hand)
 n - an amulet of chaos (around neck)
Wands
 f - a wand of clouds (7)
Scrolls
 b - a scroll of magic mapping
 c - a scroll of teleportation
 p - a scroll of immolation
 q - a scroll of fog
Potions
 e - a potion of lignification
 g - a potion of cancellation
 h - 3 potions of magic
 i - a potion of might
 m - 2 potions of brilliance
 o - 4 potions of curing
Comestibles
 d - 5 rations


   Skills:
 * Level 9.2 Fighting
 - Level 2.6 Short Blades
 * Level 8.4 Armour
 * Level 10.0 Dodging
 - Level 2.6 Stealth
 - Level 1.3 Spellcasting
 - Level 2.6 Fire Magic
   Level 4.0 Invocations


You had 10 spell levels left.
You knew the following spells:

 Your Spells              Type           Power        Failure   Level  Hunger
a - Lick                  Fire           3 (30)       19%         1    ##.....

Your spell library contained the following spells:

 Spells                   Type           Power        Failure   Level  Hunger
 Random Cloud             Fire           3 (100)      50%         3    ####...
 Blink                    Tloc           N/A          63%         2    ###....
 Call Imp                 Summ           0 (100)      63%         2    ###....
 Slow                     Hex            0 (100)      63%         2    ###....
 Chaotic Cloudburst       Pois/Air       0 (100)      86%         3    ####...


Dungeon Overview and Level Annotations

Branches:
Dungeon (4/8)              Temple (1/1) D:4

Altars:
Ashenzari
Cheibriados
Dithmenos
Elyvilon
Fedhas Madash
Gozag Ym Sagoz
Hepliaklqana
Kikubaaqudgha
Nemelex Xobeh
Okawaru
Qazlal
Ru
Sif Muna
Trog
Uskayaw
Vehumet
Xom
Yredelemnul
Zin
The Shining One

Shops:
D:4 (


Innate Abilities, Weirdness & Mutations

Your stats never grow through leveling.
Your goblin ancestry allows you to find more gold. (+20%)
You are small and have problems with some larger weapons.
You have a pair of small horns on your head.
You are partially covered in slimy green scales. (AC +2)
Your magical capacity is low. (-10% MP)
You are somewhat resistant to further mutation.
You sometimes gain a little power by taking damage.
The pity of the gods increases the power of your passive and invoked divine abilities.


Message History

The orc hits you with a +0 club (2).
You barely miss the orc. x2; The orc barely misses you (0).
You riposte.
You hit the orc (2). Lightning courses through the orc (4).
You hit the orc warrior (2). You hit the orc warrior (5).
Lightning courses through the orc warrior (5).
The orc warrior hits you with a +0 flail (14)!
You focus on the pain.
You feel very mighty all of a sudden.
The orc warrior hits you with a +0 flail (15)!
You focus on the pain.
You feel mightier all of a sudden.
You closely miss the orc warrior. You barely miss the orc warrior.
The orc warrior hits you with a +0 flail (10)!
You impale the orc (19)!!
You kill the orc!
The orc warrior hits you with a +0 flail (9)!
* * * LOW HITPOINT WARNING * * *
The orc warrior hits you with a +0 flail (19)!!
You die...
Your body crumbles into a pile of gold.

.....# #...##..## .....#
#....#...# ##..
.....###....#...# ....
......##........## ....
......#######....# ..#
.......### #....#...#
.........####....#...##.
................oo......
.............#<.@#.##.#
..................[..#
..................##.#
#..................#
##...................##
##..#..#
##.##.................##...#..#
#.###..........#.........#...#
.
#.##.......##....###.....#...#
..#..#.......###...# #...#...#


You could see an orc warrior and an orc.

Vanquished Creatures
  A wolf spider zombie (D:4)
  3 orc warriors (D:4)
  3 water moccasins (D:2)
  An ice beast (D:4)
  5 big kobolds (D:2)
  A bullfrog (D:4)
  3 crimson imps (D:4)
  2 orc priests (D:4)
  2 hounds
  5 jellies
  9 orc wizards
  2 iguanas (D:3)
  3 worker ants
  3 wyvern skeletons
  6 giant cockroaches
  3 bullfrog skeletons
  A shadow imp (D:3)
  2 adders (D:3)
  4 gnolls (D:3)
  30 sewer rats (D:2)
  10 cinder newts
  4 worms
  A hound zombie (D:4)
  A killer bee zombie (D:4)
  A howler monkey skeleton (D:3)
  2 oozes (D:2)
  A dart slug (D:3)
  6 leopard geckos
  22 orcs
  2 adder skeletons
  4 ball pythons
  6 bats
  5 goblins (D:1)
  6 hobgoblins (D:1)
  3 jackals (D:4)
  24 kobolds
  2 quokkas (D:3)
  A bat skeleton (D:2)
  An orc skeleton (D:2)
  6 rats (D:1)
  9 withered plants (D:2)
206 creatures vanquished.

Vanquished Creatures (others)
  A jelly (D:2)
  A giant cockroach (D:2)
  A bat (D:2)
  3 slimeheads (D:2)
  71 withered plants (D:2)
77 creatures vanquished.

Grand Total: 283 creatures vanquished

Notes
Turn   | Place    | Note
-------+----------+-------------------------------------------
     0 | D:1      | Chiseanne the Goblin Demonspawn began the quest for the
                  | Orb.
     0 | D:1      | Reached XP level 1. HP: 13/13 MP: 2/2
    99 | D:1      | Gained mutation: You sometimes gain a little power by
                  | taking damage. [demonic ancestry]
    99 | D:1      | Reached XP level 2. HP: 18/19 MP: 3/3
   187 | D:1      | Reached XP level 3. HP: 21/25 MP: 4/4
   251 | D:1      | Reached skill level 5 in Dodging
   259 | D:1      | Reached XP level 4. HP: 21/31 MP: 5/5
   663 | D:2      | Noticed a big kobold
   685 | D:2      | HP: 1/31 [big kobold/+0 dagger (4)]
   686 | D:2      | Killed a big kobold
   686 | D:2      | Reached skill level 1 in Armour
   686 | D:2      | Gained mutation: You have a pair of small horns on your
                  | head. [demonic ancestry]
   686 | D:2      | Reached XP level 5. HP: 1/37 MP: 6/6
   908 | D:2      | Reached skill level 6 in Dodging
   908 | D:2      | Reached XP level 6. HP: 33/44 MP: 7/7
  1067 | D:2      | Reached skill level 5 in Fighting
  1067 | D:2      | Reached XP level 7. HP: 32/50 MP: 8/8
  1214 | D:2      | HP: 1/50 [big kobold/cursed +5 dagger of speed {(Curse:
                  | Fragile)} (8)]
  1444 | D:2      | Reached skill level 7 in Dodging
  1518 | D:2      | Reached XP level 8. HP: 57/57 MP: 8/8
  1594 | D:2      | Reached skill level 5 in Armour
  1598 | D:2      | HP: 2/58 [poisoned by a water moccasin]
  1927 | D:2      | Reached skill level 8 in Dodging
  2259 | D:3      | Found a snail-covered altar of Cheibriados.
  2259 | D:3      | Found a shadowy altar of Dithmenos.
  2264 | D:3      | Found a shimmering altar of Xom.
  2264 | D:3      | Found a shattered altar of Ashenzari.
  2458 | D:2      | Gained mutation: You are partially covered in slimy green
                  | scales. (AC +2) [demonic ancestry]
  2458 | D:2      | Reached XP level 9. HP: 54/64 MP: 9/9
  2921 | D:3      | Found a radiant altar of Vehumet.
  3093 | D:3      | Reached skill level 9 in Dodging
  3365 | D:4      | Found a staircase to the Ecumenical Temple.
  3372 | Temple   | Entered the Ecumenical Temple
  3415 | Temple   | Became a worshipper of Gozag Ym Sagoz the Greedy
  3711 | D:4      | HP: 5/100 [wolf spider zombie (1)]
  4604 | D:4      | Found Yqemin's Weapon Shoppe.
  4614 | D:4      | Bought a +1 falchion of electrocution for 203 gold pieces
  4777 | D:4      | Reached skill level 10 in Dodging
  4799 | D:4      | Reached XP level 10. HP: 64/74 MP: 10/10
  4806 | D:4      | Slain by an orc warrior

Levels and vault maps discovered:
D:1:      denvon_arrival_waterhouse, layout_basic
D:2:      layout_sewer, bcadren_lemuel_inverted_doored_altar, elyvilon_niche,
          chequers_serial_rivers_micro_c, st_stairs_10
D:3:      layout_layer_cave, vehumet_crystals, grunt_temple_overflow_open,
          first_ration
D:4:      minmay_recursive_quarters, layout_layer_cave, temple_green,
          serial_shops, shop
Temple:   eino_wide_crystal_templ

Skill      XL: |  1  2  3  4  5  6  7  8  9 |
---------------+----------------------------+-----
Fighting       | 2 3 4 5 6 7 9 |  9.2
Dodging        | 5 6 7 8 10 | 10.0
Armour         | 1 2 3 4 6 8 |  8.4
Short Blades   | |  2.6
Stealth        | |  2.6
Spellcasting   | |  1.3
Fire Magic     | |  2.6
Invocations    | |  4.0

Action                   |  1- 3 |  4- 6 |  7- 9 | 10-12 || total
-------------------------+-------+-------+-------+-------++-------
Melee: Rapier            |    69 |    79 |   303 |     4 ||   455
       Unarmed           |    33 |       |       |       ||    33
       Short sword       |    15 |    76 |   353 |       ||   444
       Headbutt          |       |     4 |    24 |       ||    28
       Falchion          |       |       |    11 |     3 ||    14
 Fire: Hand crossbow     |       |     3 |    22 |       ||    25
  Use: Potion            |       |     1 |     9 |       ||    10
       Scroll            |       |       |     3 |       ||     3
 Stab: Sleeping          |     1 |     1 |       |       ||     2
  Eat: Chunk             |       |     1 |     9 |       ||    10
       Ration            |       |       |     2 |       ||     2
Armor: Leather armour    |    11 |     8 |       |       ||    19
       Ring mail         |       |    26 |   114 |       ||   140
       Skin              |       |       |    16 |       ||    16
Dodge: Dodged            |    91 |    92 |   339 |     1 ||   523
       Rpst.: Falchion   |       |       |     6 |     1 ||     7
